[Event "Italian-ch Semifinal 2022"]
[Site "Acqui Terme"]
[Date "2022.06.18"]
[Round "8.1"]
[White "Pasini, Nicolo"]
[Black "Barp, Alberto"]
[Result "0-1"]
[ECO "B43"]
[WhiteElo "2227"]
[BlackElo "2384"]
[Annotator "TA"]
[PlyCount "36"]
[EventDate "2022.06.15"]
[EventType "swiss"]
[EventCountry "ITA"]
[SourceTitle "playchess.com"]
[Source "ChessBase"]
[SourceQuality "1"]
[TimeControl "40/5400+30:1800+30"]

1. e4 c5 2. Nc3 e6 3. Nge2 a6 4. g3 b5 5. Bg2 Bb7 6. d4 cxd4 7. Nxd4 Nf6 8. O-O b4 9. Nd5 {[%emt 0:00:00] B43: Sicilian: Kan Variation: 5 Nc3.} exd5 10. exd5 {[%emt 0:00:00] [#] Threatens to win with Re1+.} Bc5 $1 {[%emt 0:00:06] Strongly threatening ...0-0.} (10... Bxd5 $2 11. Re1+ (11. Bg5 Bxg2 12. Re1+ Be7 $14) 11... Be6 12. Bxa8 $18) (10... Be7 $2 11. Nf5 d6 12. Re1 $18) 11. Re1+ {[%emt 0:00:00] Black is slightly better.} Kf8 12. Nf5 (12. a3 $15) 12... d6 {[%emt 0:00:29] [#]} 13. Nxg7 $146 ({Predecessor:} 13. a3 bxa3 14. bxa3 Nbd7 15. Rb1 Rb8 16. Bf4 Qc7 17. Qd2 h6 18. Nxh6 g6 19. Bg5 {1-0 (33) Raja,H (2472)-Golizadeh,A (2455) Chess.com INT 2020}) 13... Kxg7 $19 {[%emt 0:08:26] Black is clearly winning.} 14. Bh6+ (14. b3 $142) 14... Kxh6 15. Qd2+ Kg6 ({Stronger than} 15... Kg7 16. Qg5+ Kf8 17. Qh6+ Kg8 18. Qg5+ Kf8 19. Qh6+ Kg8 20. Qg5+ Kf8 $11) 16. Be4+ Nxe4 17. Rxe4 Qg5 18. Qd3 Kg7 {[%emt 0:01:31] White got outplayed after the opening.  Weighted Error Value: White=1.51/Black=0.00 (flawless)} 0-1

[Event "Italian-ch Semifinal 2022"]
[Site "Acqui Terme"]
[Date "2022.06.18"]
[Round "8.2"]
[White "Lettieri, Giuseppe"]
[Black "Lumachi, Gabriele"]
[Result "1-0"]
[ECO "C54"]
[WhiteElo "2445"]
[BlackElo "2347"]
[Annotator "TA"]
[PlyCount "67"]
[EventDate "2022.06.15"]
[EventType "swiss"]
[EventCountry "ITA"]
[SourceTitle "playchess.com"]
[Source "ChessBase"]
[SourceQuality "1"]
[TimeControl "40/5400+30:1800+30"]

1. e4 e5 2. Nf3 Nc6 3. Bc4 Bc5 4. c3 Nf6 5. d4 exd4 6. e5 d5 7. Bb5 Ne4 8. cxd4 Bb6 9. Nc3 O-O 10. Be3 {[%emt 0:00:40] C54: Giuoco Piano: 4 c3 Nf6, main lines with 5 d4 and 5 d3.} Bg4 11. h3 Bh5 12. Qc2 {[%emt 0:00:22] The position is equal.} Ba5 {[%emt 0:00:09] 12...Nxc3 is the modern continuation.} 13. O-O Bxc3 14. bxc3 Bxf3 15. gxf3 Ng5 16. Kg2 {[%emt 0:02:10] Black must now prevent f4.} Ne6 17. f4 {[%emt 0:00:15] Hoping for f5.} f5 18. Qa4 Qh4 19. Bxc6 bxc6 20. Qxc6 Rae8 21. Qxd5 g5 $1 {[%emt 0:00:14] [#]} 22. Rg1 $146 (22. fxg5 $14 f4 23. Bc1) ({Predecessor:} 22. f3 Kh8 23. Kh2 Rb8 24. Qxe6 Rb2+ 25. Rf2 Rxf2+ 26. Bxf2 Qxf2+ 27. Kh1 Qxf3+ 28. Kh2 Qxf4+ {0-1 (37) Pichot,A (2630)-So,W (2770) chess24.com INT 2021}) 22... gxf4 $11 {[%emt 0:01:49] Strongly threatening ...Kh8.} 23. Kf1+ Kh8 24. Bd2 c5 25. Rb1 $36 {[%emt 0:12:10][%mdl 2048] White has some pressure. Active counter play!} (25. dxc5 $2 Rd8 26. Qxe6 Rxd2 $19) 25... Qh6 26. Rb7 (26. dxc5 $2 Rd8 27. Qg2 Rxd2 $19) 26... Rd8 {[%emt 0:02:18][%mdl 1024] Black has compensation.} 27. Rd7 (27. Qf3 $11 cxd4 28. Rg2 (28. Rxa7 Rb8 $15)) 27... Rb8 (27... Rxd7 $17 28. Qxd7 cxd4) 28. Ke2 f3+ (28... cxd4 $11 {keeps the balance.} 29. cxd4 Rb2) 29. Kd3 {[%emt 0:02:10] Chess con chili.} (29. Kxf3 Qh5+ 30. Kg2 Rg8+ 31. Kh2 Rxg1 32. Kxg1 Qxh3 $1 33. Rd8+ Nxd8 $19) 29... f4 $2 {[%emt 0:02:53][%mdl 8192] Black cannot hold the game after this.} (29... Qh4 $16 {was necessary.} 30. Be3 (30. Qxe6 c4+ 31. Kxc4 Rfc8+) (30. Qxf3 cxd4 31. cxd4 Rb2 $14) 30... Rb2) 30. Rd6 $18 ({Don't go for} 30. Rxa7 $2 Qxh3 31. Re1 (31. Qe4 $2 cxd4 32. cxd4 Rbd8 $19) 31... Rbd8 $19) ({Worse is} 30. Qxf3 {[#]} Nxd4 $1 31. Qg4 (31. cxd4 $2 Qa6+ 32. Kc2 Qxa2+ 33. Kd1 Rb1+ 34. Ke2 Rxg1 $19) 31... Rg8 $17) 30... Rfe8 31. Qxf3 {[%emt 0:00:43] Threatens to win with d5.} Rb2 $2 (31... Rbd8 32. Qg4 Rg8 33. Rxd8 Rxd8) 32. Bc1 {[%emt 0:01:23] White is clearly winning.} Rxa2 33. Qg4 {[%emt 0:00:32][%cal Od6e6] White threatens Rxe6! and mate.} c4+ 34. Ke4 {[%emt 0:01:35] Weighted Error Value: White=0.15 (very precise) /Black=0.47} 1-0

[Event "Italian-ch Semifinal 2022"]
[Site "Acqui Terme"]
[Date "2022.06.18"]
[Round "8.3"]
[White "Carnicelli, Valerio"]
[Black "Boraso, Alessio"]
[Result "1-0"]
[ECO "B45"]
[WhiteElo "2319"]
[BlackElo "2287"]
[Annotator "TA"]
[PlyCount "103"]
[EventDate "2022.06.15"]
[EventType "swiss"]
[EventCountry "ITA"]
[SourceTitle "playchess.com"]
[Source "ChessBase"]
[SourceQuality "1"]
[TimeControl "40/5400+30:1800+30"]

1. e4 c5 2. Nf3 e6 3. d4 cxd4 4. Nxd4 Nf6 5. Nc3 Nc6 6. Ndb5 Bc5 7. Bf4 {[%emt 0:00:09] Nc7+ is the strong threat.} O-O {[%emt 0:00:13] B45: Sicilian Four Knights.} 8. Bc7 Qe7 {[%emt 0:00:18] aiming for ...d5.} 9. Bd6 $1 Bxd6 {[%emt 0:00:18] White is slightly better.} 10. Qxd6 Qd8 11. Nc7 Rb8 12. Be2 b5 13. e5 ({And not} 13. Bxb5 Rb7 14. e5 (14. Bxc6 $2 dxc6 15. Qxd8 Rxd8 $17) 14... Nh5 15. Bxc6 dxc6 16. Qxd8 Rxd8 $17) 13... Ne8 14. Nxe8 Rxe8 15. O-O ({Much weaker is} 15. Bxb5 Qa5 16. Bxc6 Rxb2 $15) 15... b4 16. Ne4 Bb7 17. Nc5 (17. Qc5 $14) 17... Ne7 $11 18. Nxb7 (18. Bd3 {looks sharper.} Nd5 19. Rfe1 a5 20. Nxb7 Rxb7 21. Be4) 18... Rxb7 {[%emt 0:00:13] [#]} 19. Rad1 $146 ({Predecessor:} 19. Rfd1 Nf5 20. Qd2 Qc7 21. Bf3 Rbb8 22. Re1 Rb5 23. Rac1 Rxe5 24. Qxb4 Rb8 25. Qa3 {0-1 (34) Mammadzada,G (2459)-Yoo,C (2466) chess24.com INT 2021}) 19... Qa5 20. Bf3 Rc7 21. Be4 $36 {[%emt 0:01:24][%mdl 2048] White is more active.} Ng6 22. f4 Rec8 23. Rd4 Qxa2 (23... Rc4 $11 {keeps the balance.}) 24. Rxb4 $16 {[%emt 0:02:16] Black must now prevent Bb7.} a5 25. Rb6 {[%emt 0:10:14] Threatens to win with Bb7.} Qa4 (25... Qc4 $16 26. Bd3 Qc5+ 27. Qxc5 Rxc5) 26. Bd3 (26. Bb7 $18) 26... Rc6 (26... Nxf4 $2 27. Qxc7 $3 Nh3+ 28. gxh3 $18) 27. Qxd7 Nf8 {[%emt 0:00:33] [#]} 28. Rxc6 $1 {[%emt 0:00:15] White is much more active.} Rxc6 29. Qe8 {[%emt 0:05:44] And now c3 would win.} Qd4+ 30. Kh1 Rc7 31. b3 Rd7 32. Qa8 Rd5 (32... Qc5 $16 33. g3 Ra7) 33. Bc4 $1 $18 Rc5 {[%emt 0:00:36] [#]} (33... Rd7 $142 34. Qxa5 h6) 34. f5 $1 {[%emt 0:01:46] Intending fxe6 and mate.} Rxc4 35. bxc4 Qxc4 {[%emt 0:01:41][%cal Rc4f1][%mdl 4096] Endgame [#] KQR-KQN} 36. Qf3 exf5 37. Qxf5 g6 38. Qf4 Qe6 39. Qf6 Qd7 40. Qf3 Qc7 41. Qd5 Ne6 42. c4 Qa7 43. Ra1 a4 44. Qb5 a3 45. Qb3 Qd4 46. Rxa3 ({Don't play} 46. Qxa3 Qxe5 47. Qa7 Qf5 $18) 46... Qxe5 47. Qd1 {[%emt 0:00:41] Against Qe1+} Qe4 48. Rc3 Nc5 49. h3 Qe5 50. Ra3 Qf4 $2 (50... Ne4 51. Qd5 Qxd5 52. cxd5 Kg7) 51. Qa1 {[%emt 0:00:36] White threatens Ra8+ and mate.} f6 52. Ra8+ {[%emt 0:01:06] Weighted Error Value: White=0.07 (flawless) /Black=0.24 (precise)} 1-0

[Event "Italian-ch Semifinal 2022"]
[Site "Acqui Terme"]
[Date "2022.06.18"]
[Round "8.4"]
[White "Cina`, Vittorio"]
[Black "Palozza, Christian"]
[Result "1/2-1/2"]
[ECO "A14"]
[WhiteElo "2027"]
[BlackElo "2284"]
[Annotator "TA"]
[PlyCount "135"]
[EventDate "2022.06.15"]
[EventType "swiss"]
[EventCountry "ITA"]
[SourceTitle "playchess.com"]
[Source "ChessBase"]
[SourceQuality "1"]
[TimeControl "40/5400+30:1800+30"]

1. Nf3 Nf6 2. b3 d5 3. Bb2 e6 4. g3 Be7 5. Bg2 O-O 6. O-O b6 7. c4 c5 8. cxd5 Nxd5 9. d4 Bb7 10. Nbd2 Nd7 11. Rc1 Rc8 {[%emt 0:01:15] A14: English Opening: 1...e6 with b3 by White.} 12. Nc4 Rc7 13. Re1 N5f6 {[%emt 0:02:43] [#]} 14. Nfe5 $146 ({Predecessor:} 14. a3 Qa8 15. Nh4 Rd8 16. e3 cxd4 17. exd4 Nd5 18. Nf3 Rdc8 19. Qd2 N5f6 20. Qf4 {0-1 (33) Koepf,R (1965)-Neuberger,D (2040) Bayern 1998}) 14... Bxg2 15. Kxg2 Nxe5 16. dxe5 Qa8+ 17. e4 Rd8 18. Qf3 Ne8 19. Qf4 (19. Red1 $11) 19... Rcd7 (19... b5 $15 {should be considered.} 20. Ne3 Rcd7) 20. Rc3 (20. a4 $1 $11) 20... Bf8 21. a4 Qb7 22. g4 a6 23. Rh3 $1 b5 24. axb5 axb5 25. Nd6 Nxd6 26. exd6 f6 ({Black should play} 26... Rxd6 $15 27. Ree3 f6) 27. g5 $11 fxg5 (27... Bxd6 28. Qh4 g6 29. gxf6 $16) 28. Qxg5 Rxd6 29. Qh5 h6 30. Qg4 Kh7 31. Ree3 {[%emt 0:02:34] Strongly threatening Be5.} Qf7 {[%emt 0:01:05] [#]} (31... e5 $11 {keeps the balance.} 32. Qf5+ (32. Bxe5 $2 Rg6 $19) 32... g6) 32. Rhg3 {[%emt 0:02:20] White is more active.} (32. Be5 $1 $16) 32... e5 $1 (32... Rd2 $2 33. Ref3 Qxf3+ 34. Rxf3 $18) 33. Ref3 Rf6 34. Bxe5 {[%emt 0:01:08] Hoping for Rxf6.} Rxf3 35. Qxf3 Qxf3+ 36. Kxf3 {[%emt 0:00:05][%mdl 4096] Endgame KRB-KRB} g6 37. Kf4 Be7 38. Rf3 g5+ 39. Kf5 Rf8+ 40. Kg4 h5+ 41. Kg3 Rxf3+ 42. Kxf3 {[%emt 0:00:05] KB-KB} Kg6 43. Bb2 (43. h3 $11) 43... Bd8 (43... g4+ $15 44. Kg2 Bf6) 44. h3 {[%emt 0:03:48] The position is equal.} Bc7 45. Bc3 Bh2 46. Ke2 Kf7 47. f3 Bf4 48. Bd2 Bxd2 49. Kxd2 {[%emt 0:00:05] KP-KP} Ke6 50. Ke2 h4 51. Kd3 Kd6 52. Kd2 Ke5 53. Ke3 c4 54. bxc4 bxc4 {[%emt 0:00:01] K3P-K3P} 55. Kd2 Kf4 56. Kc3 Kxf3 {[%emt 0:00:01] K3P-KPP} 57. e5 g4 58. e6 {[%emt 0:00:01] [#] Threatening mate with hxg4.} g3 (58... gxh3 {gets mated.} 59. e7 h2 60. e8=Q Kg2 61. Qe4+ Kg1 62. Qg4+ Kf2 63. Qxh4+ Kg2 64. Qg4+ Kf2 65. Qh3) 59. e7 g2 60. e8=Q {[%emt 0:00:35] White threatens Qe1 and mate.} g1=Q {[%emt 0:00:05] Prevents Qe1. White must now prevent ...Qc1+. KQ-KQ} 61. Qh5+ Kg3 62. Qg4+ Kh2 {[%emt 0:00:01] ...Qe3+ is the strong threat.} 63. Qxh4 Qc1+ 64. Kb4 c3 65. Qf2+ Kxh3 {[%emt 0:00:10] ( -> ...Qb2+)} 66. Qf3+ Kh2 67. Qxc3 Qxc3+ 68. Kxc3 {[%emt 0:00:05] Weighted Error Value: White=0.15 (very precise) /Black=0.11 (very precise)} 1/2-1/2

[Event "Italian-ch Semifinal 2022"]
[Site "Acqui Terme"]
[Date "2022.06.18"]
[Round "8.5"]
[White "Genocchio, Daniele"]
[Black "Martorelli, Antonio"]
[Result "1-0"]
[ECO "A54"]
[WhiteElo "2365"]
[BlackElo "2141"]
[Annotator "TA"]
[PlyCount "47"]
[EventDate "2022.06.15"]
[EventType "swiss"]
[EventCountry "ITA"]
[SourceTitle "playchess.com"]
[Source "ChessBase"]
[SourceQuality "1"]
[TimeControl "40/5400+30:1800+30"]

1. c4 Nf6 2. Nc3 e5 3. Nf3 d6 4. d4 Nbd7 5. Bg5 Be7 6. e3 c6 7. Be2 h6 {[%emt 0:00:38] A54: Old Indian Defence with Nf3, but without e4.} 8. Bh4 O-O 9. Qc2 Nh5 {[%emt 0:06:39] White is slightly better.} 10. Bxe7 Qxe7 11. g4 {[%emt 0:19:18] [#] Hoping for dxe5.} exd4 $146 (11... Nhf6 $11 {remains equal.}) ({Predecessor:} 11... Nhf6 12. g5 hxg5 13. Nxg5 exd4 14. exd4 b5 15. cxb5 cxb5 16. Nd5 Qd8 17. Rg1 Bb7 {1-0 (37) Sundararajan,K (2526)-Kamble,V (2364) Gurgaon 2010}) 12. Nxd4 $16 Nhf6 13. Rg1 {[%emt 0:05:35] White is more active.} (13. Nf5 $1 $16 Qe5 14. f4) 13... Nc5 14. h4 Nfe4 {[%emt 0:09:18] Inhibits g5.} 15. g5 hxg5 {[%emt 0:03:52] Threatens to win with ...Nxc3.} 16. hxg5 Nxc3 ({Don't play} 16... Nxg5 17. O-O-O $11) 17. Qxc3 Ne4 (17... Bd7 $11) 18. Qc2 $1 Re8 {[%emt 0:20:41][%cal Oe4f2] [#]} ({But not} 18... Nxg5 19. O-O-O $14) 19. Bd3 $1 d5 {[%emt 0:05:17] [#]} 20. O-O-O $1 {[%emt 0:02:03] Strongly threatening g6.} c5 (20... Bd7 $16) 21. Nf3 dxc4 $2 (21... b5) 22. Bxe4 $18 {[%emt 0:00:15][%mdl 64] Deflection} Qxe4 23. Qxe4 Rxe4 24. Rd8+ {[%emt 0:21:01] Weighted Error Value: White=0.16 (very precise) /Black=0.69} 1-0

[Event "Italian-ch Semifinal 2022"]
[Site "Acqui Terme"]
[Date "2022.06.18"]
[Round "8.6"]
[White "Maione, Melissa"]
[Black "Corvi, Marco"]
[Result "0-1"]
[ECO "B45"]
[WhiteElo "1926"]
[BlackElo "2318"]
[Annotator "TA"]
[PlyCount "114"]
[EventDate "2022.06.15"]
[EventType "swiss"]
[EventCountry "ITA"]
[SourceTitle "playchess.com"]
[Source "ChessBase"]
[SourceQuality "1"]
[TimeControl "40/5400+30:1800+30"]

1. e4 c5 2. Nf3 e6 3. d4 cxd4 4. Nxd4 Nf6 5. Nc3 Nc6 6. Nxc6 bxc6 7. e5 Nd5 8. Ne4 Qc7 9. f4 Rb8 {[%emt 0:00:33] B45: Sicilian Four Knights.} (9... Qa5+ $11 10. c3 Be7) 10. c4 $1 $16 Bb4+ 11. Ke2 $1 (11. Kf2 f5 12. exf6 (12. cxd5 fxe4 13. d6 Qa5 $11) 12... Nxf6 13. Nxf6+ gxf6 $11) 11... O-O {[%emt 0:00:31][%cal Of7f6] White is better.} 12. a3 Be7 13. cxd5 cxd5 14. Nc3 (14. Nd6 $1 $16) 14... f6 $15 {[%emt 0:02:57] [#]} 15. Nxd5 $146 ({Predecessor:} 15. Be3 Rxb2+ 16. Bd2 Qxc3 {0-1 (16) Eynullayev,A (2223)-Yoo,C (2500) Chess.com INT 2022}) 15... exd5 $19 16. Qxd5+ Kh8 17. Kd1 fxe5 18. Qxe5 d6 $1 19. Qc3 Qb7 20. Qf3 {[%emt 0:03:51] Against Bg4} d5 21. Bd3 Qb3+ (21... Bd7 $1 $19 {Hoping for ...Qb6.} 22. Qh5 Ba4+ 23. Ke2 g6) 22. Bc2 $17 Qxf3+ (22... Qb6 $17 {Threatens to win with ...Qd4+.} 23. Bd2 (23. Qh5 $2 g6 $19) 23... Qxb2) 23. gxf3 $11 Bh3 24. Re1 Bf6 {[%emt 0:02:16][%mdl 1024] Black has compensation.} 25. Rb1 Bg2 $36 {[%emt 0:19:12][%mdl 2048] Black fights for an advantage.} 26. Re3 ({White should try} 26. Be3 $15) 26... Rfe8 (26... d4 $17 27. Rd3 Rb5) 27. Kd2 {[%emt 0:10:52] [#]} (27. b4 $11 {remains equal.}) 27... Rec8 {[%emt 0:03:05] Black is more active.} ({Black should play} 27... Bd4 $1 $17 28. Rxe8+ Rxe8) 28. Bf5 Rc4 29. Ke2 Rxf4 30. Bg4 Rc4 (30... h5 $5 31. Bxh5 Rh4 $15) 31. Bf5 $2 {[%emt 0:02:25] [#] White is on the road to losing.} (31. Rd3 $11) 31... Bg5 $1 $19 32. b3 (32. Bd3 $142 Rc6 33. Kf2) 32... Bxe3 33. Bxe3 Rc3 34. Bxa7 Rbxb3 35. Rxb3 {[%emt 0:00:45] White wants to mate with Rb8+.} Bxf3+ (35... Rxb3 $2 {is the wrong capture.} 36. Bg4 $19) 36. Kf2 {[%emt 0:00:20] Intending Rb8+ and mate.} Rxb3 {[%emt 0:00:06][%mdl 4096] Endgame KRB-KB} 37. Bc5 Be4 38. Bg4 Rb2+ 39. Kg3 Rg2+ 40. Kh3 Rc2 41. Bb4 d4 42. Kg3 d3 43. h3 Bg6 44. Kf4 h5 45. Bf3 Rf2 {[%emt 0:02:19] ...d2 is the strong threat.} 46. Kg3 Rb2 47. Kf4 h4 48. Bg4 d2 49. Ke3 {[%emt 0:00:53] [#]} Bf5 $1 50. Bd1 {[%emt 0:01:33] Against Rb3+} (50. Be2 Bxh3) 50... Bxh3 {[%emt 0:00:52] Strongly threatening ...Bg2.} 51. Be7 Be6 {[%emt 0:01:46] ( -> ...h3)} 52. Bxh4 Bb3 53. Ke2 Bxd1+ {[%emt 0:00:10] Black mates.} 54. Kxd1 Ra2 55. Be7 Kh7 56. Bb4 Kg6 57. Bxd2 Rxa3 {[%emt 0:00:04] Weighted Error Value: White=0.58/Black=0.34} 0-1

[Event "Italian-ch Semifinal 2022"]
[Site "Acqui Terme"]
[Date "2022.06.18"]
[Round "8.7"]
[White "Bettalli, Francesco"]
[Black "Caprino, Marco"]
[Result "1/2-1/2"]
[ECO "A43"]
[WhiteElo "2304"]
[BlackElo "2071"]
[Annotator "TA"]
[PlyCount "93"]
[EventDate "2022.06.15"]
[EventType "swiss"]
[EventCountry "ITA"]
[SourceTitle "playchess.com"]
[Source "ChessBase"]
[SourceQuality "1"]
[TimeControl "40/5400+30:1800+30"]

1. d4 c5 2. d5 g6 3. e4 Bg7 4. Nf3 d6 5. Nc3 Nf6 6. Be2 O-O 7. O-O Na6 8. Nd2 Nc7 9. a4 b6 10. Re1 {[%emt 0:01:21] [#] A43: Schmid Benoni.} e5 $146 ({Predecessor:} 10... e6 11. Nc4 exd5 12. exd5 Ba6 13. Bf4 Bxc4 14. Bxc4 Nh5 15. Bd2 Be5 16. g3 Re8 17. Kg2 f5 {½-½ (74) Ibragimov,I (2602)-Zakharevich,I (2532) Novgorod 1999}) 11. Nc4 Ba6 12. f4 (12. Bd3 $14) 12... exf4 13. Bxf4 Nh5 14. Bxh5 {[%emt 0:01:24] aiming for Be2.} Bxc4 15. Bf3 Bd4+ 16. Kh1 Qf6 17. Qd2 Be5 18. Bg5 Qh8 19. Nd1 h5 20. c3 f6 21. Be3 Qh7 22. Bf2 Ba6 23. Ne3 Qh6 24. Qd1 Rae8 25. a5 b5 26. Rc1 Bc8 27. b4 c4 ({Resist} 27... Qf4 28. g3 Qh6 29. Ng2 $14) 28. Qd2 g5 29. Nc2 (29. g3 $1 $11) 29... a6 $17 30. Bd4 Kg7 (30... Bf4 $1 $17 31. Be3 Bxe3 32. Nxe3 g4) 31. Qf2 (31. g3 $11 {and White has nothing to worry.}) 31... Re7 (31... g4 $19 {is more deadly.} 32. Rg1 gxf3 33. gxf3+ Kh8) 32. Rf1 (32. g3 $17 {was called for.}) 32... Qg6 $2 (32... g4 $19 33. Be2 Qg6 34. Bxe5 Rxe5) 33. Rce1 Ref7 34. Qd2 (34. Bd1 $11) 34... Bd7 (34... g4 $17 35. Bd1 f5) 35. Bd1 Kh7 36. Be3 (36. Kg1 $14) 36... Ne8 (36... f5 $15 37. Bb6 fxe4 $1 38. Rxf7+ Qxf7) 37. Nd4 $14 Ng7 38. Nf3 Kg8 (38... h4 $14) 39. Kg1 g4 {[%emt 0:00:53] [#]} ({Black should play} 39... h4 $1 $14) 40. Nxe5 (40. Nh4 $1 $16 Qh7 41. Bc2) 40... fxe5 $11 41. Bc2 Rxf1+ {[%emt 0:04:31] The position is equal.} 42. Rxf1 Rxf1+ 43. Kxf1 Ne8 44. Bg5 Nf6 45. Bxf6 Qxf6+ 46. Qf2 Kg7 {[%emt 0:00:00] Threatening ...Qf4.} 47. Qxf6+ {[%emt 0:00:00] Weighted Error Value: White=0.37/Black=0.33} 1/2-1/2

[Event "Italian-ch Semifinal 2022"]
[Site "Acqui Terme"]
[Date "2022.06.18"]
[Round "8.8"]
[White "Pegno, Mattia"]
[Black "Hercegovac, Neven"]
[Result "0-1"]
[ECO "A57"]
[WhiteElo "2065"]
[BlackElo "2155"]
[Annotator "TA"]
[PlyCount "82"]
[EventDate "2022.06.15"]
[EventType "swiss"]
[EventCountry "ITA"]
[SourceTitle "playchess.com"]
[Source "ChessBase"]
[SourceQuality "1"]
[TimeControl "40/5400+30:1800+30"]

1. d4 Nf6 2. c4 c5 3. d5 b5 4. Qc2 e6 5. e4 bxc4 6. Nc3 {[%emt 0:00:42] A57: Benko/Volga Gambit.} exd5 7. e5 Bb7 8. exf6 {[%emt 0:01:19] The position is equal.} Qxf6 9. Nh3 {[%emt 0:11:53] [#]} Na6 $146 ({Predecessor:} 9... Be7 10. Be2 d4 11. O-O d3 12. Bxd3 cxd3 13. Qxd3 O-O 14. Re1 Qc6 15. Nf4 Bd6 {½-½ (62) Matlakov,M (2707)-Kanmazalp,O (2473) Batumi 2018}) 10. Qe2+ Qe7 11. Nf4 {[%emt 0:03:51] Threatens to win with Qxe7+.} (11. Nb5 $5 Qxe2+ 12. Bxe2 $14) 11... Nb4 (11... Nc7 $11) 12. Kd1 $14 g5 (12... Qxe2+ $14 13. Bxe2 d4) 13. Nh5 ({Only move:} 13. a3 $16) 13... O-O-O (13... h6 $11) 14. a3 Na6 15. Qxe7 Bxe7 16. Ng3 Rhg8 17. Nf5 Bf8 18. Nb5 Rg6 19. Bxg5 $2 Rxg5 $11 20. Nfd6+ {[%emt 0:00:05] Pair of Knights!} Kb8 {[%emt 0:02:40] White must now prevent ...Bxd6.} 21. Nxf7 Be7 {[%emt 0:00:04] ...Bc6 is the strong threat.} 22. Nxd8 Bxd8 23. Nd6 $1 Bf6 24. Nxb7 Kxb7 25. Kc2 Nc7 $36 {[%emt 0:00:32][%mdl 3072] Black has compensation. Black fights for an advantage.} 26. f4 (26. Re1 $15) 26... Rg8 $17 27. Rd1 ({White should try} 27. g3) 27... Kc6 28. g3 Rb8 29. Rb1 Re8 {[%emt 0:00:16] 0x0.00207b667a26dp-1022s more active pieces.} 30. Kd2 {[%emt 0:00:29] [#] Loses the game.} (30. Kc1 $17 {keeps fighting.}) 30... Nb5 $1 $19 31. Bg2 $2 {[%emt 0:00:29] [#]} (31. Kd1) 31... Bxb2 $1 {[%emt 0:00:24][%mdl 512] aiming for ...c3+.} 32. a4 (32. Bf1 c3+) 32... c3+ 33. Kc2 Nd4+ 34. Kd3 Re2 35. Bf1 Re4 (35... c4+ $142 36. Kxd4 Re4#) 36. Rxb2 cxb2 {[%emt 0:00:07] KRB-KRN} 37. Bg2 Re2 {[%emt 0:00:37] Black mates.} 38. Bf3 {[%emt 0:00:31] [#]} Rxh2 $3 39. Rxh2 (39. Rd1 Nxf3) 39... b1=Q+ 40. Ke3 Nxf3 41. Kxf3 c4 {[%emt 0:00:44] Weighted Error Value: White=0.98/Black=0.44} 0-1

[Event "Italian-ch Semifinal 2022"]
[Site "Acqui Terme"]
[Date "2022.06.18"]
[Round "8.9"]
[White "Cocchi, Andrea"]
[Black "Perossa, Nicolas"]
[Result "1-0"]
[ECO "E61"]
[WhiteElo "2205"]
[BlackElo "2139"]
[Annotator "TA"]
[PlyCount "97"]
[EventDate "2022.06.15"]
[EventType "swiss"]
[EventCountry "ITA"]
[SourceTitle "playchess.com"]
[Source "ChessBase"]
[SourceQuality "1"]
[TimeControl "40/5400+30:1800+30"]

1. Nf3 {[%emt 0:01:22] ChessBase II} Nf6 2. c4 g6 3. Nc3 Bg7 4. d4 O-O 5. Bf4 d6 6. e3 Nh5 7. Bg5 h6 8. Bh4 g5 {[%emt 0:00:17] [#]} 9. Nd2 $1 Nf6 {[%emt 0:01:35] E61: King's Indian: Early deviations for White, including Smyslov System.} (9... Nf4 10. Bg3) 10. Bg3 Bf5 {[%emt 0:02:56] [#]} 11. h3 $146 ({Predecessor:} 11. h4 e6 12. hxg5 hxg5 13. Nf3 Nh7 14. Qb3 b6 15. O-O-O Nc6 16. Qa4 Ne7 17. e4 {1-0 (38) Khismatullin,D (2662)-Nevednichy,V (2534) Aix les Bains 2011 CBM 142 Extra [ChessBase II]}) 11... Re8 {[%emt 0:06:10] The position is equal.} 12. Nf3 Nc6 13. d5 Nb8 (13... Nb4 $11 14. Nd4 Bg6) 14. Nd4 $36 {[%emt 0:01:56][%mdl 2048] Black is under pressure.} Bg6 15. Bd3 {[%emt 0:00:12] aiming for Bxg6.} Bxd3 16. Qxd3 e5 17. Nf5 e4 18. Qe2 {[%emt 0:01:52] 0x0.00207b7f00abdp-1022s more active pieces. The black rooks are badly placed.} Na6 19. f4 Qd7 (19... exf3 $16 20. Qxf3 Bf8) 20. Nxg7 $18 Kxg7 21. fxg5 hxg5 22. O-O-O Nc5 23. Rhf1 (23. Kb1 $18) 23... Nd3+ $16 24. Kb1 b5 (24... a6 $16 {was necessary.}) 25. Nxb5 {[%emt 0:12:00] Threatens to win with Nd4.} Nxd5 26. cxd5 ({Don't do} 26. Qh5 f6 $1 $16) 26... Qxb5 27. Be1 {[%emt 0:00:06] And now Bc3+ would win.} Qxd5 28. Qg4 {[%emt 0:01:01] Hoping for Bc3+.} f6 (28... Qe5 $2 29. Bc3 Re6 30. Qxg5+ Kf8 31. Bxe5 $18) 29. Bc3 Re5 30. Qd7+ Kg6 (30... Qf7 $142 31. Qxf7+ Kxf7) 31. h4 {[%emt 0:00:10] Really sharp!} gxh4 {[%emt 0:01:21] [#] Loses the game.} (31... Qe6 $16 32. h5+ (32. Qxc7 Rc5 $16) 32... Kh6) 32. Qg4+ $1 $18 Kf7 33. Qxh4 f5 34. Qh7+ {[%emt 0:00:20][%mdl 64] Skewer} Ke6 35. g4 Rf8 36. Qxc7 {[%emt 0:01:32] Rh1 is the strong threat.} Qb5 37. Rh1 {[%emt 0:01:15] Threatening mate with Rh6+.} Rf6 {[%emt 0:00:36] Prevents Rh6.} 38. Qg7 Qd7 39. Qg8+ Qf7 40. Qc8+ Qd7 41. Qc4+ d5 42. Qd4 Qc7 43. g5 Rg6 44. Rh6 Rxh6 45. gxh6 {[%emt 0:00:02] Strongly threatening Rxd3.} f4 46. Rxd3 Rf5 47. Rd1 {[%emt 0:02:29] White threatens Qh8 and mate.} f3 48. Qg7 (48. Qh8 $142 Qf7 49. Qc8+ Qd7 50. Qg8+ Qf7 51. h7 Kd7 52. h8=Q Qxg8 53. Qxg8) 48... Qxg7 49. hxg7 {[%emt 0:02:54] Weighted Error Value: White=0.13 (very precise) /Black=0.67} 1-0